 Dungeon Crawl Stone Soup version 0.29.1-15-g9cfb28693d (webtiles) character file.

Game seed: 1215760272458044824

495 croobank the Conjurer (level 6, 0/48 HPs)
             Began as a Demigod Conjurer on Mar 16, 2023.
             Killed by divine providence
             ... invoked by an orc priest
              (12 damage)
             ... on level 5 of the Dungeon.
             The game lasted 00:13:08 (4905 turns).

croobank the Conjurer (Demigod Conjurer)            Turns: 4905, Time: 00:13:09

Health: 0/48       AC:  4    Str:  8    XL:     6   Next: 60%
Magic:  8/13       EV: 13    Int: 34    God:
Gold:   197        SH:  0    Dex: 12    Spells: 5/11 levels left

rFire   . . .      SeeInvis +   a - +2 dagger (speed)
rCold   . . .      Faith    .   (no shield)
rNeg    . . .      Spirit   .   c - +0 robe
rPois   .          Reflect  .   (no helmet)
rElec   .          Harm     .   w - +0 cloak
rCorr   .          Rampage  .   h - +0 pair of gloves
Will    .....                   (no boots)
Stlth   ++........              (no amulet)
HPRegen 0.16/turn               j - ring of see invisible
MPRegen 0.13/turn               F - +6 ring of intelligence

@: no status effects
A: high MP 1, forlorn, divine attributes
a: no special abilities


You were on level 5 of the Dungeon.
You visited 1 branch of the dungeon, and saw 5 of its levels.

You collected 197 gold pieces.

Inventory:

Hand Weapons
 a - a +2 dagger of speed (weapon)
 b - a +0 sling
 n - a +0 short sword
 o - a +0 trident
 t - a +0 spear of venom
 x - a +3 quarterstaff of chaos
 y - a +0 glaive
Missiles
 i - 3 curare-tipped darts
 u - 6 boomerangs
 E - 5 poisoned darts
Armour
 c - a +0 robe (worn)
 h - a +0 pair of gloves (worn)
 q - a +0 ring mail
 w - a +0 cloak (worn)
Magical Staves
 C - a staff of air
Jewellery
 j - a ring of see invisible (left hand)
 F - a +6 ring of intelligence (right hand)
 G - a ring of resist corrosion
Wands
 v - a wand of flame (11)
Scrolls
 k - a scroll of amnesia {unknown}
 m - a scroll of identify {unknown}
 p - 3 scrolls of enchant armour {unknown}
 r - 2 scrolls of immolation {unknown}
 D - a scroll of blinking {unknown}
Potions
 d - a potion of flight {unknown}
 g - a potion of degeneration {unknown}
 l - 2 potions of haste {unknown}
 s - 2 potions of heal wounds {unknown}
 z - a potion of curing {unknown}
 B - a potion of cancellation {unknown}
 H - a potion of attraction {unknown}


   Skills:
 + Level 2.1 Fighting
 + Level 3.4 Dodging
 + Level 3.7 Stealth
 + Level 3.2 Spellcasting
 + Level 4.8 Conjurations


You had 5 spell levels left.
You knew the following spells:

 Your Spells              Type           Power      Damage    Failure   Level
a - Magic Dart            Conj           100%       1d8       1%          1
b - Searing Ray           Conj           76%        2d7       1%          2
c - Dazzling Flash        Conj/Hex       42%        N/A       6%          3

Your spell library contained the following spells:

 Spells                   Type           Power      Damage    Failure   Level
 Slow                     Hex            20%        N/A       5%          1
 Stone Arrow              Conj/Erth      42%        3d9       6%          3
 Confusing Touch          Hex            5%         N/A       16%         3
 Gell's Gravitas          Tloc           5%         N/A       16%         3
 Portal Projectile        Hex/Tloc       10%        N/A       16%         3
 Teleport Other           Tloc           5%         N/A       16%         3
 Tukima's Dance           Hex            5%         N/A       16%         3
 Vampiric Draining        Necr           5%         2d6       16%         3
 Fulminant Prism          Conj/Hex       10%        3d9       21%         4
 Iskenderun's Mystic Bla  Conj/Tloc      21%        2d6       21%         4
 Animate Armour           Summ/Erth      10%        N/A       47%         4
 Blade Hands              Tmut           2%         N/A       83%         5
 Dispersal                Tloc           2%         N/A       100%        6
 Lehudib's Crystal Spear  Conj/Erth      10%        10d4      100%        8


Dungeon Overview and Level Annotations

Branches:
Dungeon (5/15)
 Temple: D:4-7

Shops:
D:1 (

Portals:
Sewer: D:5


Innate Abilities, Weirdness & Mutations

You have an increased reservoir of magic. (+10% MP)
You shall have no god before yourself.
Your divine heritage dramatically boosts your attributes as you level up.


Message History

You don't know that spell.
Unknown command.
Unknown command.
Casting: Searing Ray (safe; 1% risk of failure)
Confirm with . or Enter, or press ? or * to list all spells.
Casting: Dazzling Flash (dangerous; 6% risk of failure)
Press: ? - help, Dir - look around, f - activate The hound barely misses you.
The howler monkey hoots and howls with incredible vigour!
The hound misses you.
You hit the hound.
The hound is lightly wounded.
The hound barely misses you.
You hit the hound.
The hound is moderately wounded.
The hound barely misses you.
The orc priest invokes the aid of Beogh against you.
Beogh smites you!
You miss the hound.
The hound is moderately wounded.
The hound misses you.
Casting: Dazzling Flash (dangerous; 6% risk of failure)
Confirm with . or Enter, or press ? or * to list all spells.
Aiming: Searing Ray (safe; 1% risk of failure)
Press: ? - help, Shift-Dir - straight line, f - orc priest
Aim: an orc priest, wielding a +0 club and wearing a +0 scale mail (83% to hit)
The searing ray misses the hound.
The searing ray hits the orc priest!
The orc priest is severely wounded. (Press . to maintain the ray.)
The hound bites you.
* * * LOW HITPOINT WARNING * * *
The searing ray hits the hound!
The hound is severely wounded.
The searing ray hits the orc priest but does no damage.
The orc priest is severely wounded.
The hound bites you.
* * * LOW HITPOINT WARNING * * *
The orc priest mumbles some strange prayers to Beogh against you.
Beogh smites you!
You die...

#### .#. .>..
.... #.#.##
#..# #. ..#
...##
#.##h###.....
#.@hl.....# .#
####o...#####..
#..o.........
#.#.#.#####.#
#o#o..#~~~#.#
###.###o#~~~#?#
.... #o#~∩~#.#
.....##.#~~~#.#
.......o#~~~#.#


You could see a howler monkey, an iguana, a hound, an orc priest and an orc.

Vanquished Creatures
  An ogre (D:4)
  Blork the orc (D:4)
  A necrophage (D:4)
  2 jellies (D:4)
  Crazy Yiuf (D:2)
  2 orc wizards (D:3)
  5 adders
  3 gnolls (D:2)
  An ufetubus (D:5)
  3 dart slugs
  2 orcs
  4 endoplasms
  6 giant cockroaches
  3 goblins
  5 hobgoblins
  6 jackals
  7 kobolds
  A quokka (D:2)
  4 ball pythons
  5 bats
  7 frilled lizards
  4 rats
74 creatures vanquished.

Notes
Turn   | Place    | Note
-------+----------+-------------------------------------------
     0 | D:1      | croobank the Demigod Conjurer began the quest for the Orb.
     0 | D:1      | Reached XP level 1. HP: 14/14 MP: 5/5
   403 | D:1      | Reached XP level 2. HP: 20/20 MP: 4/7
   454 | D:1      | Learned a level 2 spell: Searing Ray
  1147 | D:1      | Found Xeumyz's Weapon Shop.
  1571 | D:2      | Reached XP level 3. HP: 26/26 MP: 2/8
  1575 | D:2      | Learned a level 3 spell: Dazzling Flash
  1719 | D:2      | Reached skill level 4 in Conjurations
  1823 | D:2      | You fall into a shaft and drop 2 floors!
  2119 | D:3      | Reached XP level 4. HP: 34/34 MP: 2/10
  2293 | D:3      | Noticed an ogre
  2326 | D:4      | Killed an ogre
  2327 | D:4      | Reached skill level 1 in Fighting
  2327 | D:4      | Reached XP level 5. HP: 10/40 MP: 1/11
  3316 | D:2      | Found a runed translucent door.
  3317 | D:2      | Noticed Crazy Yiuf
  3327 | D:2      | Killed Crazy Yiuf
  3874 | D:4      | Noticed Blork the orc
  3884 | D:4      | Killed Blork the orc
  3885 | D:4      | Reached XP level 6. HP: 22/48 MP: 1/13
  4806 | D:5      | Entered Level 5 of the Dungeon
  4852 | D:5      | Found a glowing drain.
  4905 | D:5      | Killed from afar by an orc priest

Illustrated notes

Levels and vault maps discovered:
D:1:      sevenhm_arrival_forest_fort_small_3, layout_loops_ring, serial_shops,
          nicolae_shop_bloodbath_and_beyond,
          shapermc_ecumenical_altar_mp_vishouse
D:2:      cheibrodos_old_hovel, layout_basic, grunt_decor_junction,
          minmay_tetromino_l4, uniq_crazy_yiuf_cottage
D:3:      layout_basic
D:4:      layout_loops_ring, kennysheep_generic_room_13, uniq_blork_the_orc
D:5:      layout_basic, minmay_temple_entry_proselytizer, gup_sewer_entry_glass

Skill      XL: |  1  2  3  4  5  6 |
---------------+-------------------+-----
Stealth        | 2 3 |  3.7
Dodging        | 2 3 |  3.4
Spellcasting   | 2 3 |  3.2
Conjurations   | 4 |  4.8
Fighting       | 1 2 |  2.1

Action                   |  1- 3 |  4- 6 || total
-------------------------+-------+-------++-------
Melee: Dagger            |    22 |    23 ||    45
 Fire: Sling             |     3 |       ||     3
 Cast: Magic Dart        |    40 |    20 ||    60
       Searing Ray       |    16 |    24 ||    40
       Dazzling Flash    |       |    12 ||    12
  Use: Potion            |       |     4 ||     4
       Scroll            |       |     3 ||     3
 Stab: Sleeping          |     1 |     2 ||     3
       Invisible         |       |     1 ||     1
Armor: Robe              |    12 |    13 ||    25
Dodge: Dodged            |    33 |    66 ||    99
